Map: Graystone Ravine

Players

RishKhaa

  • Race: Zerg Zerg
  • League: Master
  • Spawn Location: 5:00

Mistpilz

  • Race: Protoss Protoss
  • League: Master
  • Spawn Location: 3:00

Ekelpack - Winner!

  • Race: Zerg Zerg
  • Spawn Location: 11:00

Nyck - Winner!

  • Race: Terran Terran
  • League: Silver
  • Spawn Location: 9:00

VOD

Have the link to the VOD?

Description

Time

  • Played on: Oct. 29, 2024, 3:15 p.m.
  • Length: 16:17
Show
View Real Time Build Order
Export as new Build Order

RishKhaa Zerg 

Build Orders: Hatch First 

Get SALT Encoding   

  12  0:00  Drone  
  13  0:08  Drone  
  14  0:17  Overlord  
  15  0:35  Drone x2  
  15  0:36  Drone  
  17  0:58  Drone  
  17  0:59  Hatchery  
  17  1:09  Spawning Pool  
  16  1:13  Drone  
  16  1:18  Drone  
  18  1:21  Extractor  
  18  1:25  Drone  
  18  1:32  Overlord  
  18  1:43  Drone  
  19  1:57  Drone  
  20  2:04  Queen  
  22  2:15  Queen  
  24  2:17  Hatchery  
  24  2:19  Zergling x2  
  25  2:22  Zergling x2  
  25  2:29  Metabolic Boost  
  26  2:37  Drone x2  
  26  2:38  Drone  
  28  2:50  Drone  
  28  2:51  Extractor  
  28  2:52  Drone x2  
  28  2:53  Drone  
  31  3:00  Drone x2  
  33  3:09  Lair  
  33  3:21  Spore Crawler  
  33  3:22  Drone  
  33  3:23  Drone, Spore Crawler  
  33  3:28  Drone  
  34  3:39  Queen  
  34  3:41  Zergling x4  
  37  3:52  Queen  
  37  3:54  Drone x2  
  37  3:55  Drone  
  42  4:07  Overlord  
  42  4:10  Overlord  
  42  4:19  Hydralisk Den  
  42  4:21  Drone  
  42  4:22  Baneling Nest  
  42  4:23  Drone  
  42  4:30  Spore Crawler x2  
  40  4:34  Zergling x2  
  40  4:35  Zergling x6  
  44  4:42  Drone x3  
  46  5:06  Hydralisk x5  
  55  5:19  Hydralisk  
  57  5:22  Grooved Spines  
  57  5:25  Overlord  
  57  5:27  Overlord  
  54  5:48  Baneling x8  
  52  5:51  Zergling x16  
  48  6:18  Hydralisk  
  48  6:19  Hydralisk x5  
  49  6:26  Zergling x2  
  49  6:27  Zergling x12  
  55  6:40  Overlord x2  
  55  6:51  Hydralisk x3  
  54  7:06  Hydralisk x2  
  58  7:14  Drone  
  58  7:15  Drone x6  
  65  7:30  Overlord x2  
  65  7:48  Evolution Chamber  
  65  7:50  Evolution Chamber  
  63  7:51  Hatchery  
  63  7:53  Evolution Chamber  
  61  8:01  Zergling x18  
  70  8:09  Extractor  
  70  8:11  Extractor  
  68  8:16  Muscular Augments  
  68  8:23  Zerg Missile Weapons Level 1  
  68  8:24  Zerg Ground Armor Level 1  
  68  8:34  Zergling x2  
  68  8:35  Zergling x16  
  77  8:45  Centrifugal Hooks  
  77  8:46  Roach Warren  
  76  8:49  Zergling x4  
  76  8:54  Drone x3  
  81  8:57  Zerg Melee Weapons Level 1  
  81  9:01  Baneling x3  
  81  9:10  Overseer  
  81  9:13  Drone x2  
  81  9:14  Drone  
  84  9:18  Zergling x2  
  84  9:19  Zergling x8  
  89  9:27  Queen  
  89  9:30  Drone x4  
  75  9:58  Zergling x2  
  75  9:59  Zergling x24  
  58  10:20  Roach  
  61  10:21  Roach x2  
  60  10:31  Overseer x2  
  60  10:33  Hydralisk x2  
  60  10:34  Glial Reconstitution, Hydralisk  
  64  10:38  Pneumatized Carapace  
  64  10:40  Baneling  
  64  10:41  Baneling x5  
  64  10:42  Zerg Missile Weapons Level 2  
  64  10:52  Hydralisk  
  64  10:53  Hydralisk  
  67  11:01  Zerg Melee Weapons Level 2  
  67  11:17  Roach  
  67  11:18  Roach x5  
  79  11:36  Hatchery  
  78  11:43  Hydralisk  
  78  11:44  Hydralisk x2  
  78  11:46  Hydralisk  
  86  11:55  Zerg Ground Armor Level 2  
  86  12:02  Zergling x2  
  86  12:03  Zergling x4  
  89  12:12  Zergling x2  
  89  12:13  Zergling x4  
  91  12:24  Baneling  
  91  12:27  Baneling  
  91  12:28  Baneling x14  
  91  12:38  Infestation Pit  
  64  12:59  Roach  
  64  13:00  Roach x7  
  80  13:09  Roach  
  80  13:10  Roach x3  
  88  13:23  Zergling x2  
  88  13:24  Zergling x2  
  88  13:27  Overlord x2  
  90  13:51  Baneling  
  90  13:52  Baneling x3  
  90  13:53  Roach  
  90  13:54  Roach x6  
  104  14:05  Hydralisk  
  106  14:25  Hive  
  106  14:27  Overlord x3  
  106  14:28  Overlord x2  
  106  14:48  Zergling x2  
  106  14:49  Zergling x14  
  113  15:19  Baneling  
  54  15:41  Roach x10  
  54  15:42  Roach  
Show
View Real Time Build Order
Export as new Build Order

Mistpilz Protoss 

Build Orders: Blink Stalkers 

Get SALT Encoding   

  12  0:00  Probe  
  13  0:12  Probe  
  14  0:23  Pylon  
  14  0:25  Probe  
  15  0:41  Probe  
  16  0:53  Probe  
  16  0:56  Gateway  
  17  0:59  Forge  
  17  1:05  Probe  
  17  1:09  Assimilator  
  18  1:12  Assimilator  
  18  1:26  Pylon  
  18  1:33  Photon Cannon  
  18  1:41  Probe  
  19  1:48  Cybernetics Core  
  19  1:53  Probe  
  20  2:05  Probe  
  21  2:13  Photon Cannon  
  21  2:17  Probe, Photon Cannon  
  21  2:20  Warp Gate (Chrono Boost)  
  21  2:21  Pylon  
  22  2:25  Stalker  
  22  2:29  Probe  
  25  2:41  Probe  
  26  2:56  Nexus  
  26  3:10  Twilight Council  
  26  3:15  Gateway  
  26  3:24  Probe  
  27  3:34  Gateway  
  27  3:36  Probe  
  28  3:41  Photon Cannon  
  28  3:43  Protoss Ground Weapons Level 1 (Chrono Boost)  
  28  3:56  Blink (Chrono Boost)  
  28  4:08  Probe  
  28  4:09  Probe  
  30  4:12  Pylon  
  30  4:16  Stalker  
  32  4:26  Gateway  
  32  4:32  Stalker  
  32  4:34  Probe  
  35  4:42  Dark Shrine  
  35  4:45  Probe  
  35  4:48  Probe  
  37  4:54  Stalker  
  39  5:00  Stalker  
  39  5:02  Sentry  
  43  5:11  Photon Cannon  
  43  5:18  Stalker  
  45  5:24  Gateway  
  45  5:28  Stalker  
  47  5:32  Stalker  
  49  5:38  Stalker  
  49  5:40  Probe  
  49  5:41  Probe  
  53  5:47  Stalker  
  55  5:53  Probe  
  50  6:16  Stalker x4  
  52  6:28  Stalker  
  43  6:40  Zealot x4  
  45  6:53  Dark Templar  
  39  7:11  Dark Templar  
  41  7:18  Probe x2  
  43  7:22  Assimilator  
  43  7:25  Assimilator  
  43  7:30  Probe x2  
  45  7:42  Probe  
  45  7:43  Probe  
  43  8:08  Dark Templar x2  
  47  8:14  Protoss Ground Armor Level 1 (Chrono Boost)  
  47  8:20  Zealot x3  
  47  8:21  Probe x2  
  55  8:33  Probe  
  55  8:34  Probe  
  53  8:45  Probe  
  53  8:46  Probe  
  53  8:47  Dark Templar x2  
  59  8:49  Zealot  
  59  8:50  Nexus  
  59  8:52  Archon  
  59  8:54  Pylon x2  
  59  8:55  Pylon  
  61  8:57  Pylon  
  61  8:58  Pylon, Probe  
  61  9:00  Pylon  
  62  9:12  Probe x2  
  62  9:16  Pylon  
  64  9:19  Pylon, Photon Cannon  
  64  9:21  Photon Cannon, Dark Templar x3  
  64  9:24  Zealot x2  
  74  9:26  Archon  
  62  10:02  Dark Templar x2  
  62  10:03  Dark Templar  
  56  10:10  Archon  
  54  10:14  Stalker x2  
  58  10:22  Robotics Facility  
  58  10:35  Probe x3  
  61  10:37  Assimilator  
  61  10:40  Dark Templar x2  
  65  10:46  Archon  
  65  10:47  Stalker x3  
  71  10:56  Assimilator, Probe x3  
  74  11:06  Gateway  
  74  11:08  Probe  
  74  11:10  Gateway  
  75  11:12  Gateway  
  75  11:13  Gateway, Dark Templar x2  
  75  11:15  Gateway  
  75  11:17  Probe  
  75  11:18  Probe  
  81  11:20  Probe  
  82  11:26  Dark Templar  
  84  11:33  Dark Templar  
  84  11:37  Dark Templar  
  80  12:25  Protoss Ground Weapons Level 2 (Chrono Boost)  
  78  12:31  Robotics Bay, Dark Templar  
  78  12:32  Dark Templar x3  
  78  12:33  Archon x3  
  86  12:38  Probe x3  
  89  12:45  Zealot x6  
  89  12:50  Probe x3  
  104  13:02  Probe  
  105  13:11  Stalker x3  
  105  13:12  Stalker x7  
  125  13:31  Extended Thermal Lance (Chrono Boost), Colossus  
  131  13:36  Dark Templar x2  
  129  14:18  Archon  
  123  14:40  Colossus (Chrono Boost)  
  129  14:53  Zealot x4  
  137  15:25  Dark Templar x3  
  137  15:35  Dark Templar x3  
  87  15:45  Stalker x3  
  87  15:46  Stalker  
  79  16:01  Zealot x2  
  79  16:02  Zealot  
Show
View Real Time Build Order
Export as new Build Order

Ekelpack Zerg - Winner!

Build Orders: Hatch First, Roach Hydra 

Get SALT Encoding   

  12  0:00  Drone  
  13  0:12  Overlord  
  13  0:17  Drone  
  14  0:31  Drone  
  15  0:47  Hatchery  
  14  0:50  Drone  
  15  1:06  Spawning Pool  
  15  1:07  Drone  
  15  1:11  Extractor  
  14  1:13  Drone  
  14  1:17  Drone  
  16  1:20  Drone  
  17  1:32  Drone  
  18  1:41  Drone  
  19  1:50  Drone  
  19  1:52  Queen  
  22  1:59  Queen  
  22  2:00  Drone  
  25  2:08  Overlord  
  25  2:11  Drone  
  26  2:27  Roach Warren  
  26  2:29  Drone x2  
  27  2:33  Drone x2  
  29  2:42  Extractor  
  28  2:47  Drone  
  28  2:51  Drone x2  
  31  2:53  Drone  
  31  2:57  Drone  
  33  3:11  Overlord  
  33  3:15  Lair  
  33  3:20  Drone x2  
  33  3:21  Drone, Overlord  
  36  3:31  Roach  
  36  3:32  Roach x3  
  44  3:46  Roach x4  
  44  3:48  Overlord  
  52  3:55  Evolution Chamber  
  51  4:11  Roach x2  
  51  4:12  Roach x2  
  59  4:19  Hydralisk Den  
  59  4:21  Zerg Missile Weapons Level 1  
  58  4:45  Overlord  
  58  4:46  Drone x2  
  58  4:51  Extractor  
  59  4:53  Extractor  
  59  4:54  Roach  
  59  4:55  Overlord  
  62  5:07  Roach x4  
  62  5:08  Overlord  
  68  5:19  Roach x2  
  68  5:20  Roach x2  
  76  5:21  Overlord  
  76  5:32  Roach  
  76  5:33  Roach x3  
  84  5:51  Roach x4  
  84  5:55  Grooved Spines  
  92  5:58  Overlord  
  70  6:27  Hydralisk x3  
  70  6:28  Hydralisk  
  70  6:29  Overlord  
  70  6:30  Overlord  
  70  6:31  Zergling x4  
  58  6:57  Hydralisk x4  
  58  6:59  Overlord  
  58  7:12  Drone x2  
  60  7:15  Drone  
  60  7:19  Muscular Augments  
  60  7:20  Zerg Missile Weapons Level 2, Glial Reconstitution  
  61  7:23  Hydralisk  
  61  7:24  Hydralisk  
  65  7:46  Overseer  
  65  7:47  Hatchery  
  59  8:16  Drone x4  
  63  8:20  Overseer  
  63  8:21  Overseer  
  63  8:25  Spore Crawler  
  62  8:27  Spine Crawler  
  62  8:28  Hydralisk x7  
  62  8:29  Hydralisk x3  
  62  8:30  Spine Crawler  
  80  8:52  Drone x2  
  80  8:53  Drone x6  
  88  9:15  Drone x2  
  88  9:16  Drone x7  
  88  9:17  Drone  
  77  10:03  Hydralisk x7  
  77  10:04  Hydralisk x4  
  96  10:20  Hydralisk  
  96  10:21  Hydralisk x4  
  96  10:22  Hydralisk  
  96  10:26  Extractor  
  105  10:29  Extractor  
  104  10:43  Drone x2  
  106  10:51  Zerg Ground Armor Level 1  
  106  11:00  Overlord  
  106  11:01  Overlord  
  106  11:18  Hydralisk x2  
  106  11:19  Hydralisk x6  
  106  11:20  Queen  
  124  11:32  Hydralisk x4  
  124  11:33  Hydralisk x2  
  124  11:36  Queen  
  129  12:17  Drone x4  
  129  12:18  Drone x4  
  129  12:22  Queen  
  137  12:42  Overlord x3  
  137  12:47  Zerg Ground Armor Level 2  
  79  13:05  Hydralisk x6  
  75  13:06  Hydralisk x6  
  75  13:07  Hydralisk x5  
  107  13:26  Hydralisk x3  
  111  13:27  Roach  
  111  13:28  Roach x3  
  121  13:43  Roach x3  
  121  13:44  Roach x3  
  133  14:04  Overseer  
  131  14:23  Hatchery  
  130  14:25  Roach x5  
  130  14:26  Roach x6  
  130  14:27  Roach  
  130  14:30  Spore Crawler  
  151  14:33  Spine Crawler  
  151  14:35  Spine Crawler  
  113  15:42  Hydralisk x6  
  109  15:43  Hydralisk x5  
  125  15:52  Spore Crawler  
  117  15:57  Drone x2  
Show
View Real Time Build Order
Export as new Build Order

Nyck Terran - Winner!

Build Orders:  

Get SALT Encoding   

  12  0:00  SCV  
  13  0:12  SCV  
  14  0:19  Supply Depot  
  14  0:26  SCV  
  15  0:41  SCV  
  16  0:43  Barracks  
  16  0:53  SCV, Refinery  
  17  1:05  SCV  
  18  1:18  SCV  
  19  1:30  SCV  
  20  1:38  Supply Depot  
  20  1:39  Marine  
  21  1:50  Command Center  
  21  1:57  Orbital Command  
  21  1:59  Marine  
  22  2:13  Barracks  
  22  2:22  Barracks  
  22  2:26  SCV  
  23  2:39  SCV  
  24  2:52  SCV  
  24  2:53  Supply Depot  
  25  3:02  Orbital Command  
  25  3:04  Refinery  
  25  3:10  Marine x3  
  28  3:14  Factory  
  28  3:15  SCV  
  29  3:22  Orbital Command  
  29  3:27  SCV  
  30  3:41  Marine  
  30  3:42  Marine x2  
  33  3:50  SCV  
  33  3:51  SCV  
  35  3:59  Marine x2  
  35  4:00  Marine, Hellion  
  35  4:02  SCV  
  41  4:03  SCV  
  41  4:06  Factory  
  41  4:09  Supply Depot  
  42  4:17  Marine x3  
  42  4:19  Engineering Bay  
  42  4:23  SCV x2  
  47  4:30  Hellion  
  49  4:35  Marine x2  
  51  4:40  SCV x2  
  53  4:46  Terran Infantry Weapons Level 1  
  53  4:50  Marine  
  56  4:53  Marine x2, Hellion x2  
  58  5:08  Marine  
  58  5:14  Marine x2  
  58  5:16  Hellion  
  58  5:20  Supply Depot  
  62  5:42  Marine x3, Hellion  
  67  5:46  SCV x2  
  69  5:52  Supply Depot  
  69  5:59  Marine  
  69  6:02  Marine  
  69  6:03  Marine  
  70  6:12  Hellion  
  70  6:14  Supply Depot  
  70  6:17  Marine  
  61  6:20  Marine  
  53  6:29  Marine  
  48  6:35  Marine, Hellion x2  
  48  6:37  Supply Depot  
  48  6:38  Marine  
  52  6:46  SCV x2  
  54  6:47  Marine  
  54  6:48  Terran Infantry Armor Level 1  
  54  6:53  Marine  
  54  6:54  Supply Depot, Factory  
  56  6:56  Marine  
  52  7:02  Supply Depot  
  52  7:03  SCV x2  
  52  7:05  Marine  
  52  7:21  Marine x2  
  54  7:22  Marine  
  54  7:24  Hellion x2  
  54  7:29  Factory  
  58  7:37  Supply Depot  
  53  7:49  SCV  
  47  8:01  SCV  
  47  8:05  SCV  
  49  8:13  SCV, Factory Tech Lab  
  49  8:14  Barracks Tech Lab  
  49  8:17  SCV  
  51  8:22  Armory  
  51  8:23  Engineering Bay  
  51  8:25  SCV  
  52  8:29  SCV  
  52  8:31  Marine x2  
  52  8:32  Marine  
  56  8:35  Combat Shield  
  56  8:37  SCV  
  56  8:38  Infernal Pre-Igniter  
  57  8:41  SCV, Hellion  
  57  8:42  Hellion x2  
  57  8:46  Command Center  
  64  8:48  Marine  
  64  8:49  SCV  
  64  8:53  SCV  
  64  8:55  Refinery  
  67  8:58  Refinery  
  67  9:02  SCV  
  68  9:04  Hellion  
  68  9:06  SCV, Marine  
  72  9:14  SCV  
  72  9:15  Terran Infantry Weapons Level 2  
  72  9:16  Terran Infantry Armor Level 2  
  73  9:18  SCV  
  67  9:52  Marine x3  
  48  10:09  SCV x2  
  48  10:10  Planetary Fortress  
  48  10:17  Marine  
  48  10:18  Marine  
  48  10:19  Marauder  
  48  10:21  Hellion x4  
  58  10:28  Terran Vehicle And Ship Armor Level 1  
  60  10:32  Command Center  
  60  10:33  SCV x2  
  62  10:38  Refinery  
  62  10:41  Refinery  
  62  10:44  Marauder  
  62  10:45  SCV x2, Marine x2  
  62  10:48  Factory Reactor  
  62  10:49  Factory Reactor  
  68  10:57  Factory Reactor  
  68  11:03  SCV x3  
  71  11:05  Marine  
  71  11:08  Barracks Reactor  
  73  11:13  Barracks Reactor  
  73  11:17  SCV  
  73  11:24  Smart Servos  
  73  11:28  Hellbat x2  
  73  11:29  Hellbat x2  
  83  11:35  Siege Tank  
  83  11:36  Factory Tech Lab  
  83  11:39  Terran Infantry Weapons Level 3  
  84  11:41  Terran Infantry Armor Level 3  
  84  11:46  Planetary Fortress  
  84  11:48  SCV x2  
  84  11:49  Refinery, Hellbat x2  
  84  11:50  Hellbat  
  92  12:00  Marine x4  
  98  12:01  Marauder  
  98  12:04  Hellbat x2  
  98  12:07  Hellbat  
  103  12:11  Hellbat x3  
  103  12:22  SCV  
  102  12:34  SCV  
  102  12:36  Marine x4, Marauder  
  109  12:39  Hellbat x2  
  109  12:40  Hellbat x2  
  109  12:41  Hellion x2  
  121  12:46  SCV  
  121  12:49  SCV x2  
  124  12:58  SCV  
  124  12:59  Marine x4, Marauder  
  124  13:01  Hellion  
  124  13:02  Hellion  
  133  13:29  Missile Turret  
  133  13:40  Command Center  
  133  13:47  Supply Depot  
  133  13:50  SCV  
  133  14:08  SCV, Marine x3  
  133  14:09  Hellbat x2  
  141  14:10  Supply Depot, SCV x2, Marine  
  141  14:11  Marine  
  140  14:20  SCV  
  141  14:31  SCV, Siege Tank  
  141  14:32  Supply Depot, Marauder, Hellion  
  149  14:51  Missile Turret  
  149  14:54  Supply Depot, SCV, Hellbat x2, Siege Tank  
  157  15:15  Marine x2  
  157  15:16  SCV x3, Hellbat  
  157  15:17  Supply Depot  
  164  15:23  Hellbat  
  164  15:25  Hellbat  
  164  15:26  Siege Tank  
  164  15:28  SCV x3  
  138  15:40  SCV x3  
  126  15:45  Hellbat  
  126  15:46  Hellbat  
  126  15:47  Marine  
  126  15:48  Marine x4  
  136  15:50  Hellbat x3  
  136  15:52  SCV x3  
  144  16:04  SCV x2  
Tags
 
Add a new tag
Caveats
  • Supply blocks, unpowered buildings, or Contaminate may cause inaccurate times.
  • Supply counts are checked every 10 seconds.